 Dungeon Crawl Stone Soup version 0.31-a0-152-g6aa68a64a1 (webtiles) character file.

Game seed: 4414467369235302357

93 qw the Shooter (level 4, 0/28 HPs)
             Began as a Gargoyle Hunter on June 10, 2023.
             Slain by Grinder (4 damage)
             ... while paralysed by Grinder
             ... on level 3 of the Dungeon.
             The game lasted 00:00:31 (1097 turns).

qw the Shooter (Gargoyle Hunter)                    Turns: 1097, Time: 00:00:32

Health: 0/28       AC:  7    Str: 15    XL:     4   Next: 61%
Magic:  4/4        EV:  2    Int:  9    God:
Gold:   107        SH:  0    Dex: 15    Spells: 3/3 levels left

rFire   . . .        Y - +0 shortbow
rCold   . . .        (shield currently unavailable)
rNeg    + . .        c - +0 leather armour
rPois   inf          (no helmet)
rElec   +            h - +0 cloak
rCorr   .            (no gloves)
SInv    .            (no boots)
Will    .....        (no amulet)
Stlth   ++           (no ring)
HPRegen 0.24/turn    (no ring)
MPRegen 0.09/turn

%: no passive effects
@: paralysed
A: sickness immunity, AC +3, negative energy resistance 1, electricity
resistance, torment resistance 1, petrification resistance
a: no special abilities


You were on level 3 of the Dungeon.
You visited 1 branch of the dungeon, and saw 3 of its levels.

You collected 107 gold pieces.


Innate Abilities, Weirdness & Mutations

You are immune to sickness and miasma.
Your stone body is resilient. (AC +3)
You are immune to poison.
You resist negative energy. (rN+)
You are resistant to electric shocks. (rElec)
You are resistant to unholy torment.
You are immune to petrification.


   Skills:
 - Level 3.1 Fighting
 + Level 5.5 Ranged Weapons
 - Level 1.5 Dodging
 - Level 1.1 Stealth


You had 3 spell levels left.
You didn't know any spells.
Your spell library was empty.

Inventory:

Hand Weapons
 Y - a +0 shortbow (weapon)
Armour
 c - a +0 leather armour (worn)
 h - a +0 cloak (worn)
Scrolls
 b - a scroll of identify
Potions
 a - 2 potions of curing
 d - a potion of cancellation {unknown}
 e - a potion of brilliance {unknown}
 g - a potion of heal wounds {unknown}

Dungeon Overview and Level Annotations

Branches:
Dungeon (3/15)

Altars:

Annotations:
D:3 Grinder


Message History

The arrow hits Grinder but does no damage.
Grinder is moderately wounded.
Grinder closely misses you.
You shoot an arrow. The arrow hits Grinder.
Grinder is heavily wounded.
Grinder gestures at you. Pain shoots through your body!
You shoot an arrow.
The arrow hits Grinder but does no damage.
Grinder is heavily wounded.
Grinder hits you.
You writhe in agony.
You shoot an arrow. The arrow barely misses Grinder.
Grinder gestures at you. Pain shoots through your body!
You shoot an arrow. The arrow barely misses Grinder.
Grinder gestures at you. You resist with significant effort.
Grinder gestures at you. Pain shoots through your body!
You shoot an arrow. The arrow completely misses Grinder.
Grinder gestures at you.
You suddenly lose the ability to move!
Grinder hits you but does no damage.
Grinder says, "FISH!"
Grinder hits you. Grinder hits you.
You writhe in agony.
You can move again.
You shoot an arrow. The arrow hits Grinder.
Grinder is heavily wounded.
Grinder closely misses you.
You shoot an arrow. The arrow hits Grinder.
Grinder is severely wounded.
Grinder gestures at you. You resist with significant effort.
You shoot an arrow. The arrow hits Grinder.
Grinder is severely wounded.
Grinder gestures at you.
You suddenly lose the ability to move!
Grinder hits you.
You die...

#####
#...#
#.#.#
#.#.#
#.#<#
#@###
#5....#
.....>#
.#.###.#
..#.# #
## #.#
..# ###


You could see Grinder.

Vanquished Creatures
  Jessica (D:2)
  3 adders (D:2)
  2 worms (D:2)
  5 bats
  4 endoplasms
  2 giant cockroaches
  A goblin (D:2)
  3 hobgoblins
  2 jackals (D:1)
  3 quokkas
  A ball python (D:1)
  A frilled lizard (D:1)
  2 kobolds
  2 rats (D:1)
32 creatures vanquished.

Notes
Turn   | Place    | Note
-------+----------+-------------------------------------------
     0 | D:1      | qw the Gargoyle Hunter began the quest for the Orb.
     0 | D:1      | Reached XP level 1. HP: 12/12 MP: 1/1
     0 | D:1      | 0 ||| qw: Version: 0.2-a-29-g0080da8
     0 | D:1      | 0 ||| qw: Game counter: 3837
     0 | D:1      | 0 ||| qw: Always use a shield: true
     0 | D:1      | 0 ||| qw: God list: Okawaru
     0 | D:1      | 0 ||| qw: Allow faded altars: false
     0 | D:1      | 0 ||| qw: Do Orc after D:15 true
     0 | D:1      | 0 ||| qw: Do second Lair branch before Depths: true
     0 | D:1      | 0 ||| qw: Lair rune preference: random
     0 | D:1      | 0 ||| qw: Plans: Normal, Zot:1-4, Slime:5, God:TSO, Crypt,
                  | Tomb, Abyss, Pan, Hells, Win
     0 | D:1      | 0 ||| PLANNING D:1-11
   101 | D:1      | Reached XP level 2. HP: 17/17 MP: 2/2
   221 | D:1      | Found a faded altar of an unknown god.
   412 | D:1      | 412 ||| UPGRADING to +0 cloak.
   417 | D:1      | 417 ||| READING scroll labelled DIPLUTZO DEIFF.
   418 | D:1      | 418 ||| READING scroll labelled TUCKEG KEVI.
   419 | D:1      | 419 ||| READING scroll labelled TAEKHUA VOIME.
   420 | D:1      | 420 ||| DROPPING scroll of butterflies.
   558 | D:2      | Reached XP level 3. HP: 21/21 MP: 3/3
   573 | D:2      | Reached skill level 5 in Ranged Weapons
   574 | D:2      | Noticed Jessica
   576 | D:2      | Killed Jessica
   577 | D:2      | Reached skill level 3 in Fighting
   738 | D:2      | Reached XP level 4. HP: 28/28 MP: 4/4
   893 | D:2      | Identified the ring "Ecaissid" {*Slow Will+ Int+5}
  1036 | D:2      | 1036 ||| DROPPING ring "Ecaissid" {*Slow Will+ Int+5}.
  1037 | D:2      | 1037 ||| READING scroll labelled SUYCLI ADANT.
  1038 | D:2      | 1038 ||| READING scroll labelled CIMMEGITONK.
  1039 | D:2      | 1039 ||| READING scroll labelled XOOMAT DEXEIWNOAL.
  1040 | D:2      | 1040 ||| DRINKING 3 golden potions.
  1072 | D:3      | Noticed Grinder
  1076 | D:3      | Paralysed by Grinder for 4 turns
  1090 | D:3      | Paralysed by Grinder for 4 turns
  1093 | D:3      | HP: 5/28 [Grinder (5)]
  1096 | D:3      | Paralysed by Grinder for 5 turns
  1097 | D:3      | Slain by Grinder

Levels and vault maps discovered:
D:1:      dpeg_arrival_rooms_b, layout_rooms,
          shapermc_ecumenical_altar_notcrosses
D:2:      layout_loops_cross, uniq_jessica
D:3:      layout_basic, uniq_grinder

Skill      XL: |  1  2  3 |
---------------+----------+-----
Ranged Weapons | 5 |  5.5
Fighting       | 3 |  3.1
Dodging        | |  1.5
Stealth        | |  1.1

Action                     |  1- 3 |  4- 6 || total
---------------------------+-------+-------++-------
   Fire: Shortbow          |    68 |    49 ||   117
    Use: Scroll            |     3 |     3 ||     6
         Potion            |       |     1 ||     1
 Armour: Leather armour    |     4 |     9 ||    13
  Dodge: Dodged            |    16 |    21 ||    37

Table legend:
 A = Non-vault XP
 B = Vault XP
 C = Vault XP percentage of total XP
 D = Non-vault monster count
 E = Vault monster count
 F = Vault count percentage of total count
                 A         B        C        D         E       F
            +---------+---------+-------+---------+---------+-------
      Total |      96 |      37 |  27.8 |      31 |       1 |   3.1
            +---------+---------+-------+---------+---------+-------
        D:1 |      27 |       0 |   0.0 |      16 |       0 |   0.0
        D:2 |      69 |      37 |  34.9 |      15 |       1 |   6.2
            +---------+---------+-------+---------+---------+-------
